Map: Oxide LE

Players

Seither - Winner!

  • Race: Terran Terran

Raza

  • Race: Terran Terran

Event: DreamHack SC2 Masters 2021 Winter

VOD

Have the link to the VOD?

Description

Time

  • Played on: Oct. 3, 2021, 5:20 a.m.
  • Length: 22:00

All games in this series

Show
View Real Time Build Order
Export as new Build Order

Seither Terran - Winner!

Build Orders:  

Get SALT Encoding   

  12  0:00  SCV  
  13  0:12  SCV  
  14  0:17  Supply Depot  
  14  0:24  SCV  
  15  0:38  SCV  
  15  0:39  Barracks  
  16  0:43  Refinery  
  16  0:50  SCV  
  16  0:53  Refinery  
  17  1:02  SCV  
  18  1:15  SCV  
  19  1:27  Reaper  
  19  1:28  Supply Depot  
  19  1:29  Orbital Command  
  20  1:41  Factory  
  20  1:55  SCV  
  20  1:59  Reaper  
  22  2:07  SCV  
  23  2:19  Command Center  
  23  2:20  SCV  
  24  2:26  Hellion  
  26  2:32  SCV  
  26  2:36  Supply Depot, Barracks Reactor  
  27  2:44  SCV  
  28  2:48  Starport  
  28  2:50  Factory Tech Lab  
  28  2:56  SCV  
  29  3:08  SCV  
  29  3:09  Cyclone  
  33  3:13  Marine x2  
  33  3:17  Refinery  
  35  3:20  SCV  
  35  3:25  Starport Tech Lab  
  36  3:32  SCV  
  37  3:34  Marine x2  
  37  3:39  Orbital Command  
  37  3:46  SCV  
  37  3:48  Raven  
  37  3:52  Marine x2  
  41  3:58  SCV  
  42  4:06  Siege Tank  
  42  4:07  SCV  
  46  4:10  SCV  
  46  4:12  Marine x2  
  46  4:16  Supply Depot  
  49  4:19  SCV  
  49  4:24  SCV  
  51  4:31  Supply Depot, SCV  
  52  4:32  Marine x2  
  52  4:37  Raven  
  52  4:38  SCV  
  57  4:43  SCV  
  58  4:46  Siege Tank  
  58  4:50  SCV  
  62  4:53  Supply Depot  
  62  4:55  SCV, Marine x2  
  65  5:02  SCV  
  66  5:07  Supply Depot, SCV  
  67  5:16  Command Center  
  67  5:21  Siege Tank  
  67  5:27  SCV x2  
  72  5:29  Refinery  
  72  5:30  Marine  
  72  5:32  Stimpack  
  73  5:39  SCV x2  
  73  5:42  Viking  
  77  5:46  Viking  
  79  5:50  Supply Depot  
  79  5:52  SCV x2  
  79  5:53  Siege Tank  
  84  5:59  Marine  
  84  6:03  Supply Depot  
  86  6:04  SCV  
  86  6:07  SCV  
  80  6:16  SCV  
  80  6:18  Viking x2  
  75  6:19  SCV  
  70  6:26  Siege Tank, Marine  
  70  6:28  SCV  
  70  6:31  SCV  
  70  6:32  Orbital Command  
  76  6:42  Barracks x2  
  76  6:48  SCV x2  
  76  6:52  Viking, Marine  
  76  6:53  Viking  
  83  6:55  Orbital Command  
  83  7:00  SCV  
  83  7:01  SCV  
  82  7:13  SCV x2  
  81  7:19  Siege Tank, Marine  
  81  7:20  Combat Shield  
  85  7:23  Viking, Engineering Bay x2  
  85  7:28  SCV x3  
  90  7:33  Barracks Reactor x2  
  90  7:40  SCV x3  
  93  7:46  Marine  
  93  7:49  Terran Infantry Weapons Level 1  
  93  7:50  Supply Depot, Terran Infantry Armor Level 1  
  94  7:52  SCV x3  
  94  7:56  Liberator  
  94  7:57  Refinery x2, Viking  
  102  8:07  SCV x2  
  86  8:20  SCV x2  
  86  8:25  Siege Tank  
  91  8:27  Viking  
  89  8:35  Marine x5  
  89  8:38  SCV x3  
  89  8:39  Viking  
  99  8:44  Command Center  
  99  8:46  Supply Depot  
  99  8:52  Marine x2  
  99  8:53  Marine x3  
  104  8:57  Viking  
  96  9:03  Barracks  
  96  9:04  Barracks  
  96  9:05  Armory  
  96  9:09  Viking  
  92  9:10  Marine x3  
  92  9:11  Siege Tank, Marine x2  
  100  9:24  Sensor Tower  
  100  9:28  SCV x3, Marine x4  
  108  9:33  Medivac  
  110  9:39  Medivac  
  112  9:46  Marine x4  
  112  9:49  Factory  
  115  9:53  Terran Infantry Weapons Level 2, Barracks Reactor x2, Terran Infantry Armor Level 2  
  115  9:54  Supply Depot, Barracks Reactor  
  115  9:59  SCV x2  
  117  10:04  Marine x4  
  115  10:15  Sensor Tower  
  112  10:21  Marine  
  112  10:22  Marine x3  
  116  10:33  Marine x2  
  116  10:34  Marine x4  
  122  10:36  Siege Tank x2  
  122  10:37  Planetary Fortress  
  122  10:38  SCV x2  
  122  10:39  SCV, Marine x2  
  122  10:40  Marine x2  
  135  10:47  Medivac x2  
  139  10:51  Marine x3  
  139  10:52  Marine  
  139  10:53  Marine x2  
  145  10:57  Marine x2  
  145  10:59  Barracks  
  145  11:01  Barracks  
  145  11:03  Barracks  
  147  11:06  Marine x2  
  147  11:08  Siege Tank x2  
  147  11:09  Marine  
  156  11:13  Marine x2  
  156  11:14  Marine  
  141  11:22  Supply Depot x2  
  141  11:25  Marine x5  
  137  11:27  SCV x3  
  142  11:34  Marine x5  
  142  11:36  Terran Vehicle Weapons Level 1  
  147  11:40  Medivac x2, Siege Tank x2  
  147  11:43  Marine x4  
  161  11:51  Marine  
  161  11:52  Marine x5  
  169  11:54  Supply Depot  
  169  11:55  Supply Depot, Barracks Reactor x3  
  169  11:56  Supply Depot  
  165  12:01  Marine x4  
  168  12:09  Marine x3  
  168  12:10  Marine x3  
  174  12:19  Marine x4  
  174  12:22  Siege Tank x2  
  183  12:26  Marine  
  183  12:27  Marine x2  
  183  12:28  Marine x3  
  189  12:36  Marine x6  
  195  12:37  Marine x3  
  198  12:46  Marine x2  
  198  12:50  Terran Infantry Weapons Level 3, Terran Infantry Armor Level 3  
  198  13:05  Command Center  
  197  13:06  Marine x3  
  200  13:16  Orbital Command  
  200  13:31  Marine x4  
  200  13:34  Marine x9  
  179  13:35  Marine  
  179  13:40  Siege Tank  
  179  13:50  Marine x2  
  179  13:51  Siege Tank, Marine x4  
  179  13:52  Medivac x2  
  180  14:00  Terran Vehicle Weapons Level 2  
  180  14:02  Missile Turret  
  180  14:03  Starport  
  180  14:05  Missile Turret  
  180  14:06  Starport  
  180  14:11  Marine x7  
  180  14:12  Siege Tank, Marine  
  191  14:17  Planetary Fortress  
  191  14:27  Command Center  
  191  14:32  Marine x6  
  191  14:34  Marine x2  
  199  14:42  Starport Tech Lab  
  190  14:57  Marine x6  
  137  15:03  Marine x6  
  125  15:08  Marine x4  
  125  15:10  Siege Tank x2  
  125  15:11  Medivac x2  
  133  15:15  Marine x6  
  133  15:20  Marine x2  
  133  15:21  Marine x4  
  143  15:22  Liberator  
  143  15:23  Liberator  
  143  15:26  Marine x4  
  155  15:32  Marine x2  
  155  15:33  Marine x4  
  155  15:35  Corvid Reactor  
  161  15:38  Marine x4  
  161  15:41  Refinery, Planetary Fortress  
  165  15:43  Refinery  
  165  15:44  Marine x6  
  171  15:50  Marine x2  
  173  16:01  Viking x2  
  173  16:02  Marine x8  
  173  16:03  Marine x2  
  173  16:04  Siege Tank x2  
  193  16:14  Fusion Core  
  193  16:17  Starport Tech Lab  
  193  16:18  Marine x4  
  196  16:22  Marine x2  
  197  16:34  Marine x3  
  200  16:40  Sensor Tower  
  200  16:50  Marine x8  
  200  16:51  Siege Tank  
  198  16:59  Marine x5  
  197  17:05  Siege Tank  
  197  17:06  Marine x2  
  198  17:22  Viking  
  195  17:33  Marine x3  
  195  17:34  Marine  
  194  17:44  Marine x2  
  194  17:45  Marine x4  
  162  18:00  Marine x6  
  162  18:01  Viking  
  162  18:05  Barracks  
  157  18:06  Barracks  
  157  18:07  Barracks  
  157  18:08  Barracks  
  157  18:09  Barracks  
  147  18:13  Liberator  
  147  18:14  Marine x2  
  147  18:19  Factory x2, Refinery  
  151  18:20  Refinery  
  146  18:31  Liberator  
  146  18:34  Missile Turret  
  141  18:41  Orbital Command  
  136  18:49  Marine x2  
  126  19:07  Marine x2  
  128  19:12  Factory Tech Lab x2  
  128  19:13  Marine x5  
  128  19:16  Barracks  
  128  19:17  Barracks x2  
  130  19:18  Barracks  
  129  19:24  Factory Tech Lab, Marine x2  
  129  19:31  Marine x3  
  130  19:36  Marine x2  
  131  19:46  Marine x2  
  131  19:47  Supply Depot  
  131  19:48  Supply Depot  
  131  19:49  Supply Depot, Marine x3  
  131  19:50  Siege Tank  
  129  19:54  Marine x2  
  131  20:08  Supply Depot  
  131  20:09  Siege Tank x2, Marine x6  
  131  20:12  Marine x2  
  142  20:19  Supply Depot  
  142  20:20  Supply Depot x2, Refinery  
  142  20:21  Refinery  
  137  20:41  Marine x2  
  137  20:42  Siege Tank, Marine x5  
  139  20:50  Siege Tank, Marine x2  
  137  20:59  Marine x2  
  137  21:00  Marine x3  
  137  21:03  Supply Depot  
  139  21:05  Supply Depot x2  
  139  21:06  Supply Depot  
  139  21:13  Refinery  
  139  21:20  Supply Depot  
  139  21:24  Medivac, Marine x6  
  147  21:26  Marine x4  
  147  21:31  Orbital Command  
  145  21:34  Starport  
  145  21:36  Starport  
  150  21:42  Marine x6  
  150  21:43  Supply Depot x2  
Show
View Real Time Build Order
Export as new Build Order

Raza Terran 

Build Orders:  

Get SALT Encoding   

  12  0:00  SCV  
  13  0:12  SCV  
  14  0:17  Supply Depot  
  14  0:24  SCV  
  15  0:38  SCV  
  15  0:39  Barracks  
  16  0:43  Refinery  
  16  0:50  SCV  
  16  0:52  Refinery  
  17  1:03  SCV  
  18  1:15  SCV  
  19  1:26  Reaper  
  19  1:27  Orbital Command  
  19  1:31  Supply Depot  
  20  1:42  Factory  
  20  1:53  SCV  
  21  1:58  Reaper  
  22  2:05  SCV  
  23  2:17  SCV  
  23  2:20  Command Center  
  24  2:26  Hellion  
  24  2:29  SCV  
  27  2:30  Reaper  
  27  2:35  Supply Depot  
  28  2:41  SCV  
  29  2:47  Hellion  
  31  2:54  Starport  
  31  2:58  SCV  
  32  3:02  Barracks Reactor  
  32  3:09  Factory Tech Lab  
  32  3:11  SCV  
  33  3:14  Refinery  
  33  3:24  SCV  
  34  3:28  Cyclone  
  34  3:31  Starport Tech Lab  
  37  3:42  Marine  
  37  3:43  Marine  
  37  3:44  SCV, Orbital Command  
  40  3:52  Raven  
  42  3:56  Supply Depot, SCV  
  42  4:00  Marine x2  
  45  4:03  Siege Tank  
  45  4:08  SCV  
  49  4:10  SCV  
  50  4:18  Supply Depot, Marine x2  
  50  4:20  SCV  
  50  4:23  SCV  
  54  4:32  SCV  
  54  4:34  Raven  
  54  4:36  SCV  
  54  4:37  Marine x2  
  60  4:43  Siege Tank  
  60  4:44  SCV  
  64  4:48  SCV  
  64  4:52  Supply Depot  
  64  4:54  Marine x2  
  64  4:56  SCV  
  67  5:00  SCV  
  67  5:04  Command Center  
  68  5:09  SCV  
  69  5:15  Siege Tank  
  69  5:20  SCV  
  73  5:22  SCV  
  73  5:25  Supply Depot  
  73  5:27  Viking x2  
  78  5:32  Supply Depot  
  78  5:39  Refinery  
  78  5:43  SCV x2  
  78  5:49  Siege Tank  
  81  5:51  Marine  
  82  5:57  Viking x2  
  75  6:17  SCV  
  69  6:21  Siege Tank  
  69  6:24  SCV  
  69  6:27  Orbital Command  
  69  6:29  SCV, Viking  
  69  6:31  Viking  
  69  6:32  Marine, Barracks  
  73  6:33  Barracks  
  73  6:37  Stimpack  
  73  6:39  SCV  
  75  6:51  SCV, Engineering Bay  
  75  6:52  SCV, Engineering Bay  
  75  6:53  Orbital Command  
  77  7:00  Siege Tank  
  80  7:10  Viking x2  
  78  7:18  SCV  
  78  7:24  SCV x2  
  78  7:28  Terran Infantry Weapons Level 1, Terran Infantry Armor Level 1  
  78  7:29  Barracks Reactor x2  
  80  7:31  SCV  
  80  7:36  SCV x2  
  83  7:41  Barracks  
  83  7:43  SCV, Barracks  
  84  7:48  SCV  
  84  7:49  Supply Depot  
  84  7:50  Siege Tank  
  84  7:51  Marine  
  88  7:55  SCV  
  88  7:56  SCV, Refinery  
  88  7:57  Refinery  
  91  8:00  SCV  
  90  8:07  SCV, Viking  
  90  8:08  Viking  
  88  8:18  SCV  
  88  8:19  SCV x2  
  86  8:22  Siege Tank  
  86  8:23  Combat Shield, Marine  
  86  8:24  Marine  
  88  8:30  SCV  
  88  8:31  SCV  
  88  8:33  Marine x2  
  85  8:34  Barracks Reactor  
  85  8:35  Barracks Reactor  
  85  8:36  Supply Depot, SCV  
  85  8:37  Supply Depot, Marine  
  85  8:38  Armory  
  86  8:42  Supply Depot  
  86  8:43  SCV x2  
  88  8:48  SCV  
  88  8:54  Siege Tank  
  88  8:55  SCV  
  93  9:00  Viking  
  93  9:01  Viking  
  85  9:06  SCV  
  85  9:07  SCV x2  
  85  9:09  Marine x5  
  87  9:18  SCV  
  87  9:19  SCV x2  
  87  9:20  Marine  
  87  9:21  Marine  
  94  9:27  Marine x4  
  94  9:28  Siege Tank  
  94  9:30  Terran Infantry Weapons Level 2, SCV  
  103  9:31  SCV x2  
  103  9:34  Terran Infantry Armor Level 2  
  103  9:35  Marine  
  103  9:36  Medivac  
  103  9:38  Medivac  
  107  9:44  Marine x2  
  107  9:45  Sensor Tower  
  109  9:50  Marine  
  109  9:51  Terran Vehicle Weapons Level 1, Marine x2  
  112  9:57  Marine x4  
  116  10:01  Marine  
  116  10:02  Factory, Siege Tank  
  116  10:03  Marine  
  121  10:08  Marine x2  
  121  10:09  Marine  
  117  10:22  Medivac, Marine x3  
  117  10:23  Medivac  
  117  10:27  Marine x2  
  126  10:31  Marine  
  126  10:32  Marine x3  
  126  10:34  SCV, Siege Tank  
  134  10:39  Marine  
  134  10:40  Marine  
  134  10:41  Command Center  
  136  10:47  Factory Tech Lab  
  136  10:50  Marine x5  
  136  10:56  Marine  
  141  10:58  Marine  
  141  10:59  Marine x2  
  144  11:06  Siege Tank  
  144  11:07  Marine  
  148  11:15  Marine  
  148  11:16  Marine x6  
  148  11:17  Marine  
  139  11:25  Marine  
  139  11:28  Missile Turret x2  
  139  11:31  Missile Turret  
  140  11:33  Marine x3  
  140  11:34  Marine x5  
  148  11:41  Medivac x2, Siege Tank  
  148  11:43  Marine  
  156  11:51  Marine  
  156  11:53  Marine  
  158  11:54  Siege Tank  
  162  12:01  Missile Turret  
  157  12:10  Missile Turret  
  157  12:13  Siege Tank  
  157  12:14  Planetary Fortress  
  157  12:15  Marine x2  
  163  12:16  Terran Infantry Weapons Level 3  
  163  12:17  Terran Infantry Armor Level 3  
  163  12:18  Missile Turret  
  163  12:20  Medivac  
  163  12:21  Medivac  
  165  12:24  Marine  
  165  12:25  Marine  
  165  12:30  Siege Tank  
  165  12:33  Marine  
  165  12:34  Marine  
  165  12:35  Marine  
  171  12:42  Terran Vehicle Weapons Level 2  
  171  12:43  Supply Depot  
  171  12:48  SCV  
  171  12:50  Supply Depot  
  172  12:51  Supply Depot, Marine  
  172  12:52  Siege Tank, Marine x2  
  172  12:54  Marine x2  
  180  13:04  Marine x4  
  180  13:05  Siege Tank  
  187  13:07  Supply Depot  
  187  13:09  Marine  
  184  13:20  SCV  
  184  13:26  Siege Tank  
  171  13:34  Marine  
  171  13:35  Marine  
  171  13:37  Siege Tank  
  171  13:39  Marine x2  
  171  13:40  Marine  
  141  13:41  Marine x3  
  141  13:42  Marine  
  135  13:52  Marine  
  135  13:55  Marine  
  137  13:57  Marine x2  
  137  13:58  Marine  
  137  13:59  Marine x2  
  137  14:00  Marine x2  
  142  14:07  Command Center  
  141  14:10  Marine  
  141  14:13  Marine  
  141  14:14  Marine x2  
  141  14:16  Marine  
  143  14:17  Marine x2  
  143  14:18  Marine x2  
  143  14:19  SCV x2  
  143  14:20  SCV x2  
  143  14:21  Siege Tank x2  
  143  14:23  Medivac  
  159  14:27  Medivac  
  159  14:28  Command Center, Marine  
  159  14:30  Marine  
  163  14:32  Marine x2  
  163  14:33  Marine  
  163  14:34  Marine  
  163  14:35  Marine  
  163  14:36  Marine x2  
  170  14:46  Marine  
  170  14:48  Marine  
  170  14:50  Marine x2  
  170  14:51  Marine  
  170  14:52  Marine x2  
  174  14:53  Siege Tank  
  174  14:54  Marine x2  
  159  15:03  Siege Tank  
  159  15:04  Marine  
  159  15:06  Marine  
  150  15:08  Marine x2  
  150  15:09  Marine  
  150  15:10  Marine x2  
  150  15:12  Marine x2  
  151  15:21  Marine  
  151  15:23  Terran Vehicle Weapons Level 3  
  151  15:24  Marine  
  151  15:25  Siege Tank  
  151  15:26  Marine x2  
  151  15:27  Marine  
  151  15:28  Marine x2  
  159  15:29  Marine  
  159  15:30  Marine  
  159  15:34  Missile Turret  
  163  15:38  Liberator  
  163  15:39  Marine  
  163  15:42  Marine  
  168  15:43  Marine  
  168  15:44  Liberator, Marine  
  168  15:47  Marine x2  
  168  15:48  Marine  
  175  15:50  Marine  
  176  15:57  Marine x2  
  176  15:58  Siege Tank  
  176  16:01  Siege Tank  
  184  16:04  Supply Depot  
  184  16:05  Marine  
  184  16:06  Marine  
  184  16:09  Marine x2  
  184  16:10  Marine  
  189  16:15  Marine  
  189  16:17  Marine  
  189  16:18  Marine  
  187  16:19  Marine  
  187  16:23  Marine  
  187  16:24  Marine  
  187  16:25  Liberator  
  194  16:27  Liberator  
  184  16:35  Marine x2  
  171  16:43  Marine x7  
  171  16:44  Siege Tank  
  180  16:52  Marine  
  180  16:53  Marine  
  170  17:01  Marine x7  
  161  17:10  Marine x2  
  161  17:14  Missile Turret  
  163  17:18  Marine  
  163  17:19  Marine x6  
  163  17:21  Siege Tank  
  167  17:28  Siege Tank, Marine x2  
  167  17:36  Marine  
  167  17:37  Marine x4  
  165  17:39  Marine  
  169  17:46  Marine x3  
  108  18:14  Missile Turret  
  108  18:15  Missile Turret  
  108  18:18  Missile Turret  
  100  18:27  Missile Turret, Barracks x2  
  95  18:28  Barracks  
  95  18:29  Barracks  
  95  18:31  SCV  
  90  19:04  Refinery  
  90  19:05  Starport, Refinery  
  90  19:08  Starport  
  90  19:13  Command Center  
  90  19:20  Marine  
  90  19:21  Marine x3  
  94  19:25  Marine  
  95  19:38  Marine x2  
  95  19:39  Marine x2  
  98  19:51  Viking x2  
  99  19:56  Marine x3  
  99  19:57  Marine  
  90  20:19  Supply Depot  
  90  20:20  Supply Depot  
  90  20:25  Viking, Marine x4  
  96  20:42  Marine x4  
  85  20:44  Viking  
  89  20:52  SCV  
  89  20:55  Viking  
  92  21:00  Marine x4  
  89  21:15  Viking  
  89  21:18  Marine x4  

Tags
 
Add a new tag
Caveats
  • Supply blocks, unpowered buildings, or Contaminate may cause inaccurate times.
  • Supply counts are checked every 10 seconds.